 Dungeon Crawl Stone Soup version 0.30-b1-2-g02819fbbbe (webtiles) character file.

Game seed: 16388030757885952623

16 MajorAdolf the Covered (level 2, 0/27 HPs)
             Began as a Naga Wanderer on Sept 20, 2023.
             Slain by a goblin
             ... wielding a +0 club
             ... led by Robin
              (1 damage)
             ... on level 4 of the Dungeon.
             The game lasted 00:03:08 (392 turns).

MajorAdolf the Covered (Naga Wanderer)               Turns: 392, Time: 00:03:09

Health: 0/27       AC:  6    Str: 16    XL:     2   Next: 54%
Magic:  3/3        EV:  7    Int: 13    God:
Gold:   0          SH:  0    Dex:  7    Spells: 2/3 levels left

rFire   . . .        b - +0 short sword
rCold   . . .        (no shield)
rNeg    . . .        d - +2 scale mail
rPois   +            (no helmet)
rElec   .            (no cloak)
rCorr   .            (no gloves)
SInv    +            (no barding)
Will    .....        (no amulet) Stlth
                     (no ring)
HPRegen 0.24/turn    (no ring)
MPRegen 0.08/turn

%: no passive effects
@: very slow
A: AC +0, large, see invisible, deformed body, poison resistance, slowness 2,
spit poison 1, naga tail 1
a: Spit Poison


You were on level 4 of the Dungeon.
You visited 1 branch of the dungeon, and saw 4 of its levels.

Inventory:

Hand Weapons
 a - a +0 club
 b - a +0 short sword (weapon)
Armour
 d - a +2 scale mail (worn)
Scrolls
 c - a scroll of fog


   Skills:
 + Level 2.3 Fighting
 - Level 1.7 Throwing
 + Level 2.7 Armour
 + Level 0.8 Dodging
 - Level 1.5 Stealth
 - Level 1.0 Spellcasting
 - Level 1.3 Poison Magic


You had 2 spell levels left.
You knew the following spells:

 Your Spells              Type           Power      Damage    Failure   Level
a - Sting                 Tmut/Pois      8%         1d3       58%         1

Your spell library contained the following spells:

 Spells                   Type           Power      Damage    Failure   Level
 Spider Form              Tmut/Pois      2%         N/A       92%         3


Dungeon Overview and Level Annotations

Branches:
Dungeon (4/15)
 Temple: D:4-7

Altars:

Annotations:
D:3 Robin


Innate Abilities, Weirdness & Mutations

Your serpentine skin is tough. (AC +0)
You have supernaturally acute eyesight. (SInv)
Armour fits poorly on your strangely shaped body.
Your system is resistant to poisons. (rPois)
You cover ground very slowly.
You can spit poison.
You have a snake-like lower body.


Message History

You start waiting.
Done waiting.
You climb upwards.
Level annotation: Robin The hobgoblin shouts!
The hobgoblin hits you with the +8 whip of Hogio {heavy, *Noise Fly rElec rN++}.
The goblin hits you with a +0 club.
There is a stone staircase leading down, spattered with blood here.
The goblin closely misses you.
The hobgoblin hits you with the +8 whip of Hogio {heavy, *Noise Fly rElec rN++}!
Ouch! That really hurt!
* * * LOW HITPOINT WARNING * * *
You climb downwards.
There is a stone staircase leading up, spattered with blood here.
Aiming: Spit Poison (2% risk of failure)
Press: ? - help, Shift-Dir - straight line, f - hobgoblin
Aim: a hobgoblin, wielding the +8 whip of Hogio {heavy, *Noise Fly rElec rN++} (59% to hit)
The splash of poison hits the hobgoblin.
The hobgoblin is severely wounded.
The goblin barely misses you.
The goblin hits you but does no damage. x2
The hobgoblin hits you but does no damage.
You have got your breath back.
The goblin attacks as you move away! The goblin hits you but does no damage.
You miss the goblin. The goblin hits you with a +0 club.
* * * LOW HITPOINT WARNING * * *
You aren't carrying any potions.
Okay, then.
Hit: b) +0 short sword
Press: ? - help, Dir - move target, f - goblin, p - hobgoblin
Aim: a goblin, wielding a +0 club (about 53% to evade your +0 short sword)
Okay, then.
You hit the goblin.
The goblin is moderately wounded.
The goblin hits you with a +0 club.
* * * LOW HITPOINT WARNING * * *
You hit the goblin.
The goblin is moderately wounded.
The goblin hits you with a +0 club.
You die...

.#
####.##
#.. ..
#.# .#
#.##)##.#
#....<..#
##.###g##
#.# ##g#
#. #@# #
#.# ###


You could see a hobgoblin and a goblin.

Vanquished Creatures
  An endoplasm (D:1)
  6 goblins
  2 hobgoblins
  A quokka (D:3)
  A ball python (D:1)
  A frilled lizard (D:1)
  A kobold (D:3)
13 creatures vanquished.

Notes
Turn   | Place    | Note
-------+----------+-------------------------------------------
     0 | D:1      | MajorAdolf the Naga Wanderer began the quest for the Orb.
     0 | D:1      | MajorAdolf set off with the following items: a +0 club, a
                  | potion of curing, a scroll of fog, a +2 scale mail; and the
                  | following spell memorised: Sting; and the following spells
                  | available to memorise: Spider Form.
     0 | D:1      | Reached XP level 1. HP: 19/19 MP: 2/2
    34 | D:1      | Reached XP level 2. HP: 12/26 MP: 3/3
    49 | D:2      | You fall into a shaft and drop 1 floor!
   199 | D:3      | Noticed Robin
   383 | D:3      | Identified the +8 whip of Hogio {heavy, *Noise Fly rElec
                  | rN++}
   391 | D:4      | HP: 1/27 [goblin/+0 club[Robin] (1)]
   392 | D:4      | Slain by a goblin

Illustrated notes

Levels and vault maps discovered:
D:1:      amcnicky_arrival_choice, layout_rooms, chequers_serial_rivers_marsh,
          minmay_tromino_v2
D:2:      layout_basic
D:3:      layout_loops_cross, mainiacjoe_overflow_brackets, lemuel_doored_altar,
          mainiacjoe_overflow_chevrons, serial_shops, shop,
          minmay_misc_feat_room, minmay_misc_feat_tiny, uniq_robin
D:4:      layout_loops_cross, nicolae_wu_jian_glorious_leap,
          hangedman_decor_diamond_cutter

Action                     || total
---------------------------++-------
  Melee: Club              ||    26
         Short sword       ||    10
         Punch             ||     1
Ability: Spit Poison       ||    15
    Use: Potion            ||     1
 Armour: Scale mail        ||    46
  Dodge: Dodged            ||    30
